Map: Divergence LE

Players

help

  • Race: Terran Terran
  • League: Gold
  • Spawn Location: 11:00

JonMoore

  • Race: Protoss Protoss
  • League: Gold
  • Spawn Location: 11:00

Massa - Winner!

  • Race: Terran Terran
  • League: Gold
  • Spawn Location: 5:00

qqq - Winner!

  • Race: Protoss Protoss
  • League: Platinum
  • Spawn Location: 5:00

VOD

Have the link to the VOD?

Description

Time

  • Played on: June 6, 2020, 5:55 a.m.
  • Length: 13:40
Show
View Real Time Build Order
Export as new Build Order

help Terran 

Build Orders:  

Get SALT Encoding   

  12  0:01  SCV  
  13  0:16  Supply Depot  
  13  0:19  SCV  
  14  0:31  SCV  
  15  0:40  Barracks  
  15  0:51  Supply Depot  
  15  0:54  SCV  
  16  1:23  SCV  
  17  1:29  Marine  
  18  1:35  SCV  
  18  1:36  Refinery  
  18  1:37  Refinery  
  19  1:47  SCV  
  20  1:54  Marine  
  21  2:21  Marine  
  22  2:27  SCV  
  23  2:37  Bunker  
  23  2:42  SCV  
  24  2:44  Factory  
  24  2:45  Supply Depot  
  24  2:54  SCV  
  25  3:07  Orbital Command  
  25  3:14  Marine  
  26  3:28  Factory Tech Lab  
  26  3:32  Marine  
  27  3:38  SCV  
  28  3:42  Starport  
  28  3:56  Command Center  
  28  3:57  Marine  
  28  4:00  SCV  
  33  4:02  Siege Tank  
  33  4:17  Marine  
  34  4:25  SCV, Bunker  
  35  4:35  Marine, Engineering Bay  
  35  4:37  SCV  
  37  4:48  Viking  
  39  4:53  Supply Depot  
  39  4:57  SCV, Marine  
  41  5:00  Supply Depot  
  41  5:12  Refinery x2  
  41  5:15  Marine  
  42  5:28  Siege Tank  
  45  5:33  Planetary Fortress  
  45  5:37  SCV  
  45  5:42  Marine  
  47  5:49  SCV  
  48  6:01  SCV  
  49  6:05  Starport Tech Lab  
  49  6:13  SCV  
  49  6:14  Factory  
  49  6:16  Armory  
  50  6:22  Armory  
  48  6:25  SCV  
  34  7:55  Siege Tank  
  37  8:09  Sensor Tower  
  37  8:12  Viking  
  39  8:14  Marine  
  40  8:24  Barracks  
  40  8:31  Marine  
  34  8:42  Viking  
  34  8:48  SCV x2  
  38  8:49  Marine  
  39  9:00  SCV x2  
  41  9:07  Marine  
  42  9:12  SCV x2, Viking  
  46  9:23  Missile Turret  
  46  9:32  Supply Depot  
  46  9:33  Marine, Supply Depot  
  46  9:34  SCV  
  46  9:40  SCV  
  46  9:54  SCV x2, Viking  
  50  10:06  SCV  
  51  10:17  Thor  
  53  11:00  Thor  
  59  11:15  Marine x2  
  61  11:33  Marine  
  61  11:37  Marine  
  57  11:43  Siege Tank  
  55  11:50  Marine  
  54  11:55  Marine  
  55  12:08  Marine  
  55  12:13  Marine  
  53  12:26  Marine  
  54  12:31  Marine  
  55  12:44  Marine  
  55  12:46  Barracks x2  
  55  12:48  Barracks  
  55  12:49  Marine  
  55  12:50  Barracks  
  57  12:57  Siege Tank  
Show
View Real Time Build Order
Export as new Build Order

JonMoore Protoss 

Build Orders:  

Get SALT Encoding   

  12  0:00  Probe  
  13  0:17  Pylon  
  13  0:23  Probe  
  14  0:35  Probe  
  15  1:12  Probe  
  15  1:16  Pylon  
  16  1:24  Probe  
  17  1:33  Pylon  
  17  1:36  Probe  
  18  2:21  Gateway  
  18  2:22  Gateway  
  17  2:23  Probe  
  17  2:24  Gateway  
  18  2:43  Forge  
  18  2:46  Probe  
  18  2:48  Assimilator  
  19  2:52  Assimilator  
  19  3:04  Probe (Chrono Boost)  
  20  3:11  Pylon, Cybernetics Core  
  20  3:16  Probe (Chrono Boost)  
  21  3:24  Probe (Chrono Boost)  
  22  3:30  Probe  
  23  3:42  Probe  
  23  3:47  Stalker x2  
  28  3:55  Probe  
  29  3:57  Warp Gate  
  29  4:09  Stalker  
  31  4:44  Nexus  
  31  4:49  Pylon  
  31  4:56  Stargate  
  31  5:10  Stalker x2  
  31  5:11  Stalker  
  37  5:21  Probe  
  38  5:34  Probe  
  39  5:37  Robotics Facility  
  39  5:46  Probe  
  40  6:00  Probe (Chrono Boost)  
  40  6:04  Probe (Chrono Boost)  
  43  6:12  Probe (Chrono Boost)  
  43  6:14  Probe (Chrono Boost)  
  45  6:18  Probe (Chrono Boost)  
  45  6:20  Probe (Chrono Boost), Fleet Beacon  
  45  6:24  Probe  
  46  6:26  Stalker  
  46  6:27  Stalker  
  46  6:28  Stalker  
  46  6:30  Probe  
  54  6:36  Probe  
  49  7:05  Stalker x3  
  49  7:35  Stalker x3  
  47  7:54  Probe (Chrono Boost)  
  47  7:58  Assimilator  
  47  7:59  Probe (Chrono Boost)  
  47  8:02  Assimilator  
  47  8:04  Probe (Chrono Boost)  
  48  8:08  Probe (Chrono Boost)  
  48  8:09  Probe (Chrono Boost)  
  48  8:12  Carrier (Chrono Boost), Stalker  
  52  8:18  Probe  
  59  8:20  Probe  
  60  8:30  Stalker  
  60  8:33  Pylon  
  62  8:34  Pylon  
  62  8:36  Pylon  
  62  8:51  Probe x2, Twilight Council  
  62  8:53  Pylon  
  62  8:55  Pylon  
  64  8:57  Gateway  
  64  8:58  Gateway  
  62  9:03  Observer, Probe  
  62  9:04  Gateway  
  62  9:06  Gateway  
  64  9:16  Tempest  
  69  9:19  Stalker  
  71  9:24  Observer, Blink (Chrono Boost)  
  71  9:26  Zealot x2  
  71  9:46  Observer  
  71  9:50  Stalker  
  71  9:51  Stalker x2  
  59  10:24  Stalker x6  
  59  10:27  Stalker  
  68  10:41  Pylon  
  68  10:42  Pylon  
  40  11:11  Charge  
  40  11:12  Stalker x7  
  42  11:40  Stalker x4  
  42  11:41  Stalker x3  
  40  12:08  Stalker x2  
  38  12:09  Stalker x3  
  44  12:27  Stalker x2  
  44  12:34  Stalker x4  
  44  12:35  Stalker  
  60  12:46  Stalker  
  60  12:51  Stalker x3  
  64  12:52  Stalker  
  46  13:17  Stalker x3  
Show
View Real Time Build Order
Export as new Build Order

Massa Terran - Winner!

Build Orders:  

Get SALT Encoding   

  12  0:13  SCV  
  13  0:15  Supply Depot  
  13  0:25  SCV  
  14  0:37  SCV  
  15  0:49  SCV  
  16  1:22  SCV, Barracks  
  17  1:34  SCV  
  18  1:46  SCV  
  19  1:51  Refinery  
  19  1:52  Refinery  
  19  2:00  SCV  
  20  2:12  SCV  
  21  2:24  SCV  
  21  2:27  Marine  
  23  2:34  Barracks  
  23  2:43  SCV  
  23  2:54  Supply Depot  
  23  2:56  Supply Depot  
  23  3:07  Barracks  
  23  3:14  Factory  
  23  3:15  Marine  
  23  3:16  SCV  
  25  3:25  Barracks  
  25  3:28  SCV  
  25  3:29  Marine  
  25  3:33  Marine  
  28  3:40  SCV  
  29  3:47  Marine  
  30  3:51  Marine  
  30  3:55  Supply Depot  
  32  4:00  Factory Tech Lab  
  31  4:08  Supply Depot  
  31  4:10  Marine x2  
  31  4:12  Marine  
  34  4:28  Factory, Marine x2  
  34  4:30  Marine, Supply Depot  
  37  4:42  Orbital Command  
  37  4:45  Marine  
  37  4:46  Marine  
  37  4:48  Marine  
  40  5:03  Marine x2  
  40  5:06  Marine  
  43  5:14  Siege Tank  
  43  5:20  Factory Tech Lab  
  46  5:21  Marine  
  47  5:29  Marine x2  
  49  5:39  Marine  
  49  5:40  Siege Tank  
  53  5:47  Marine x2  
  53  5:49  Supply Depot  
  55  5:57  Marine  
  56  6:05  Marine x2  
  58  6:14  Marine  
  59  6:48  Command Center  
  40  7:17  Marine x3  
  42  7:29  Siege Tank  
  45  7:35  Marine x3  
  40  7:38  SCV  
  41  7:50  SCV  
  39  7:52  Marine  
  39  7:53  Marine x2  
  41  8:02  SCV  
  37  8:06  Bunker  
  37  8:10  Marine x2  
  37  8:11  Marine  
  40  8:14  SCV  
  40  8:17  Orbital Command  
  41  8:26  SCV  
  42  8:28  Marine x3  
  42  8:31  Marine  
  46  8:38  SCV, Engineering Bay  
  47  8:42  Supply Depot  
  47  8:46  Marine x3  
  47  8:47  Siege Tank  
  53  8:49  Marine  
  53  8:51  SCV  
  55  9:03  Starport, SCV  
  55  9:04  Marine x2, Supply Depot  
  55  9:05  Armory  
  55  9:07  Marine  
  59  9:20  Marine  
  59  9:22  Marine x2  
  62  9:24  Marine  
  62  9:27  Siege Tank, Supply Depot  
  66  9:31  SCV x2  
  66  9:38  Marine  
  69  9:42  Marine  
  69  9:43  SCV x2  
  72  9:55  SCV  
  72  9:59  Siege Tank  
  76  10:00  Marine  
  76  10:05  Marine x2  
  79  10:23  Marine x2  
  81  10:30  Marine  
  82  10:40  Marine  
  82  10:41  Marine  
  84  10:48  Marine  
  84  10:58  Marine  
  84  10:59  Marine  
  86  11:06  Marine  
  85  11:16  Marine  
  80  11:21  Marine  
  80  11:24  Marine  
  72  11:34  Marine  
  72  11:39  Marine  
  74  11:42  Marine  
  73  11:52  Marine  
  69  11:57  Marine, Siege Tank  
  69  11:59  Marine  
  71  12:03  SCV, Bunker  
  70  12:10  Marine  
  70  12:14  Marine  
  70  12:15  SCV  
  71  12:17  Marine  
  70  12:27  Marine  
  70  12:29  Siege Tank  
  74  12:30  Command Center  
  74  12:32  Marine  
  74  12:35  Marine  
  76  12:40  Command Center  
  76  12:45  Marine  
  76  12:50  Marine  
  78  12:53  Marine  
  78  13:03  Marine  
  78  13:04  Barracks Tech Lab  
  76  13:08  Marine  
  76  13:11  Marine  
  77  13:21  Marine  
Show
View Real Time Build Order
Export as new Build Order

qqq Protoss - Winner!

Build Orders:  

Get SALT Encoding   

  12  0:01  Probe  
  13  0:15  Pylon  
  13  0:19  Probe  
  14  0:34  Forge  
  14  0:37  Probe  
  15  1:14  Pylon  
  15  1:23  Pylon  
  15  1:24  Pylon  
  14  1:28  Pylon  
  14  1:30  Pylon  
  14  1:37  Pylon  
  14  1:38  Pylon  
  14  1:43  Photon Cannon  
  14  1:51  Probe  
  14  2:03  Probe  
  15  2:15  Probe  
  16  2:16  Gateway  
  16  2:33  Assimilator  
  16  2:34  Probe  
  17  2:56  Nexus  
  17  3:03  Cybernetics Core  
  17  3:09  Assimilator  
  17  3:10  Probe  
  18  3:22  Probe  
  19  3:35  Probe  
  20  3:47  Probe  
  21  3:52  Stargate  
  21  3:55  Pylon  
  21  3:56  Pylon  
  21  3:58  Pylon  
  21  4:10  Probe  
  22  4:22  Probe  
  23  4:34  Probe (Chrono Boost)  
  23  4:35  Void Ray (Chrono Boost)  
  29  4:46  Probe (Chrono Boost)  
  29  4:52  Probe (Chrono Boost)  
  30  5:00  Probe, Assimilator  
  30  5:03  Void Ray (Chrono Boost)  
  35  5:12  Probe  
  36  5:25  Probe  
  37  5:33  Void Ray (Chrono Boost)  
  41  5:37  Probe  
  42  5:49  Probe  
  43  5:52  Assimilator  
  43  6:01  Probe  
  43  6:02  Stargate  
  44  6:04  Pylon  
  44  6:09  Void Ray  
  48  6:13  Probe  
  49  6:25  Probe  
  50  6:37  Probe  
  47  6:52  Void Ray  
  51  7:03  Void Ray  
  51  7:35  Void Ray  
  51  7:44  Probe  
  51  7:46  Void Ray  
  51  7:47  Fleet Beacon  
  52  7:56  Probe  
  53  8:09  Probe  
  54  8:18  Void Ray  
  58  8:21  Probe  
  59  8:29  Void Ray  
  59  8:33  Probe  
  64  8:45  Probe, Nexus  
  65  8:51  Pylon  
  65  8:52  Nexus  
  65  8:53  Pylon  
  65  8:56  Pylon  
  65  8:57  Probe  
  65  8:59  Pylon  
  65  9:00  Pylon  
  66  9:09  Carrier  
  72  9:11  Tempest  
  77  9:28  Pylon  
  77  9:33  Pylon  
  73  9:55  Carrier  
  75  10:13  Void Ray  
  74  10:56  Carrier (Chrono Boost), Void Ray (Chrono Boost)  
  76  11:31  Carrier (Chrono Boost)  
  82  11:37  Nexus  
  78  11:46  Nexus  
  78  11:51  Probe  
  78  11:53  Void Ray  
  83  12:04  Probe  
  86  12:16  Probe  
  87  12:28  Probe  
  88  12:34  Carrier  
  88  12:36  Void Ray  
  98  12:40  Probe  
  96  13:00  Probe  
  97  13:12  Probe  
  100  13:24  Probe  
Tags
 
Add a new tag
Caveats
  • Supply blocks, unpowered buildings, or Contaminate may cause inaccurate times.
  • Supply counts are checked every 10 seconds.